 Dungeon Crawl Stone Soup version 0.20-a0-855-gd83b866 (webtiles) character file.

189 JeffiDaFish the Digger (level 5, -4/29 HPs)
             Began as a Gargoyle Earth Elementalist on Mar 12, 2017.
             Killed from afar by an orc wizard (9 damage)
             ... with a magic dart
             ... on level 4 of the Dungeon.
             The game lasted 00:10:06 (3945 turns).

JeffiDaFish the Digger (GrEE)                       Turns: 3945, Time: 00:10:07

Health: -4/29      AC:  8    Str: 13    XL:     5   Next: 68%
Magic:  2/9        EV: 11    Int: 14    God:
Gold:   89         SH:  3    Dex: 11    Spells: 6/10 levels left

rFire    . . .     SeeInvis .   f - +2 dagger (pain)
rCold    . . .     Gourm    .   c - +0 robe
rNeg     + . .     Faith    .   m - +0 buckler
rPois    ∞         Spirit   .   (no helmet)
rElec    +         Reflect  .   h - +0 cloak
rCorr    .         Harm     .   (no gloves)
MR       .....     Clarity  +   i - +0 pair of boots
Stlth    ++........             (no amulet)
Regen    0.1/turn               (no ring)
MPRegen  0.2/turn               (no ring)

@: very slightly contaminated, heavily drained
A: fangs 1, clarity, dopey 1, negative energy resistance 1, electricity
resistance, strong 1, unbreathing, petrification resistance, rot immunity, AC +4
a: no special abilities


You were on level 4 of the Dungeon.
You were not hungry.

You visited 1 branch of the dungeon, and saw 4 of its levels.

You collected 89 gold pieces.

Inventory:

Hand Weapons
 f - a +2 dagger of pain (weapon)
Missiles
 b - 88 stones (quivered)
Armour
 c - a +0 robe (worn)
 h - a +0 cloak (worn)
 i - a +0 pair of boots (worn)
 m - a +0 buckler (worn)
Scrolls
 n - 2 scrolls of remove curse
 o - a scroll of fear
Potions
 a - a potion of haste
 l - a potion of ambrosia
 p - a potion of curing
Books
 e - a book of Geomancy

   Spells                             Type                      Level
   a - Sandblast                      Earth                        1
   b - Passwall                       Transmutation/Earth          2
   c - Stone Arrow                    Conjuration/Earth            3
   d - Petrify                        Transmutation/Earth          4
   e - Lee's Rapid Deconstruction     Earth                        5
Comestibles
 d - 2 bread rations
 g - a chunk of flesh
 j - 6 fruits
 k - 2 royal jellies


   Skills:
 + Level 1.4(0.2) Fighting
 + Level 1.0(0.0) Short Blades
 - Level 1.9(0.7) Dodging
 - Level 2.3(1.1) Stealth
 * Level 1.5(0.4) Shields
 * Level 3.0(1.8) Spellcasting
 + Level 0.9(0.0) Conjurations
   Level 0.7(0.0) Transmutations
 * Level 5.2(3.9) Earth Magic


You had 6 spell levels left.
You knew the following spells:

 Your Spells              Type           Power        Failure   Level  Hunger
a - Sandblast             Erth           ##....       10%         1    ##.....
b - Stone Arrow           Conj/Erth      #.....       63%         3    ####...


Dungeon Overview and Level Annotations

Branches:
Dungeon (4/15)
 Temple: D:4-7

Altars:


Innate Abilities, Weirdness & Mutations

You are resistant to torment.
Your stone body is resilient. (AC +4)
You are immune to poison.
You resist negative energy. (rN+)
You are resistant to electric shocks. (rElec)
You can survive without breathing.
You are immune to petrification.
You are immune to rotting.
You have very sharp teeth.
You possess an exceptional clarity of mind.
You are dopey. (Int -2)
Your muscles are strong. (Str +2)


Message History

The magic dart hits you! The orc hits you but does no damage.
You closely miss something. Something hits you but does no damage.
The orc barely misses you.
You closely miss something. Something hits you. The orc hits you with a dagger.
You closely miss something. Something hits you but does no damage.
The orc hits you but does no damage.
You hit something. Something hits you but does no damage.
The orc hits you but does no damage.
You barely miss something. You bite something. You block something's attack.
The orc hits you but does no damage.
You hit something. Something hits you but does no damage.
The orc hits you but does no damage.
You hit something. You bite something. Something hits you but does no damage.
The orc barely misses you.
You hit something. The ice beast hits you. The ice beast freezes you!
* * * LOW HITPOINT WARNING * * *
You hear some strange, mumbled words.
A magic dart appears from out of thin air!
The magic dart hits you!
You die...

##.......#### ..
#...........!. ..
##........!...###.#
##....<........##..#
#.............# #..#
##.........≈≈≈[###..#
...........≈!≈..##.#
...........≈≈≈Y....#
#......^.....@o##..####
#...........{####.....#
##........######......##
##......## ##........#
##..[.## ##.........#
#...## ##....{....##
##.# ##..........# #.
#...........# ..
>.......(..###


You could see an ice beast and an orc.

Vanquished Creatures
  Natasha (D:2)
  A worker ant (D:4)
  Terence (D:2)
  An adder (D:2)
  2 oozes
  An adder skeleton (D:4)
  A worm (D:3)
  A dart slug (D:2)
  5 leopard geckos
  2 orcs (D:4)
  2 ball pythons
  6 giant cockroaches
  11 goblins
  3 hobgoblins (D:1)
  4 jackals (D:2)
  2 quokkas (D:3)
  11 bats
  7 frilled lizards
  14 kobolds
  13 rats
89 creatures vanquished.

Vanquished Creatures (others)
  A worm (D:3)
1 creature vanquished.

Grand Total: 90 creatures vanquished

Notes
Turn   | Place    | Note
-------+----------+-------------------------------------------
     0 | D:1      | JeffiDaFish the Gargoyle Earth Elementalist began the quest for the Orb.
     0 | D:1      | Reached XP level 1. HP: 10/10 MP: 3/3
   138 | D:1      | Reached skill level 4 in Earth Magic
   140 | D:1      | Reached XP level 2. HP: 14/15 MP: 1/5
   845 | D:1      | Reached XP level 3. HP: 19/19 MP: 4/6
  1044 | D:2      | Learned a level 3 spell: Stone Arrow
  1125 | D:2      | Noticed Natasha
  1133 | D:2      | Killed Natasha
  1284 | D:2      | Gained mutation: You are dopey. (Int -2) [potion of mutation]
  1284 | D:2      | Gained mutation: You have very sharp teeth. [potion of mutation]
  1284 | D:2      | Gained mutation: You possess an exceptional clarity of mind. [potion of mutation]
  1284 | D:2      | Gained mutation: Your muscles are strong. (Str +2) [potion of mutation]
  1330 | D:2      | Noticed Terence
  1344 | D:2      | Killed Terence
  1344 | D:2      | Reached XP level 4. HP: 17/24 MP: 0/8
  1720 | D:2      | Reached skill level 1 in Short Blades
  1723 | D:2      | Reached skill level 5 in Earth Magic
  1998 | D:3      | Reached XP level 5. HP: 28/28 MP: 9/9
  2092 | D:3      | Reached skill level 1 in Fighting
  3368 | D:3      | Reached skill level 1 in Shields
  3749 | D:4      | Noticed an ice beast
  3945 | D:4      | Killed from afar by an orc wizard

Vault maps used:
D:1:      elethiomel_arrival_maze
D:2:      uniq_natasha, uniq_terence
D:3:      grunt_ministairs_15
D:4:      serial_shops, shop, first_bread, corexii_item_surrounded_by_moat,
          uniq_robin, uniq_edmund, uniq_sigmund, uniq_pikel

Skill      XL: |  1  2  3  4  5 |
---------------+----------------+-----
Earth Magic    | 4 5 |  5.2
Short Blades   | 1 |  1.0
Fighting       | 1 |  1.4
Spellcasting   | 3 |  3.0
Shields        | 1 |  1.5
Dodging        | |  1.9
Stealth        | |  2.3
Conjurations   | |  0.9
Transmutations | |  0.7

Action                   |  1- 3 |  4- 6 || total
-------------------------+-------+-------++-------
Melee: Unarmed           |    14 |       ||    14
       Dagger            |    75 |   204 ||   279
       Bite              |     1 |    15 ||    16
 Cast: Sandblast         |    20 |    11 ||    31
       Stone Arrow       |     3 |     8 ||    11
  Use: Potion            |     4 |     2 ||     6
       Scroll            |     1 |     6 ||     7
 Stab: Sleeping          |     3 |     5 ||     8
       Invisible         |       |     1 ||     1
  Eat: Chunk             |     2 |    11 ||    13
Armor: Robe              |    31 |    91 ||   122
Dodge: Dodged            |    45 |   134 ||   179
Block: Buckler           |       |    21 ||    21
